 Dungeon Crawl Stone Soup version 0.19.4 (webtiles) character file.

157 Minion the Bolt Thrower (level 5, 31/45 HPs)
             Began as a Deep Dwarf Hunter on Feb 2, 2017.
             Was a Believer of Qazlal.
             Quit the game on level 3 of the Dungeon.
             The game lasted 00:06:15 (2175 turns).

Minion the Bolt Thrower (Deep Dwarf Hunter)         Turns: 2175, Time: 00:06:16

Health: 31/45      AC:  3    Str: 16    XL:     5   Next: 15%
Magic:  5/5        EV: 12    Int: 11    God:    Qazlal [**....]
Gold:   181        SH:  3    Dex: 14    Spells: 0 memorised, 4 levels left

rFire  . . .     SeeInvis .     a - +1 hand crossbow
rCold  . . .     Gourm    .     c - +0 leather armour
rNeg   . . .     Faith    .     (no shield)
rPois  .         Spirit   .     (no helmet)
rElec  .         Reflect  .     (no cloak)
rCorr  .         Harm     .     (no gloves)
MR     .....                    (no boots)
Stlth  +.........               (no amulet)
                                (no ring)
                                (no ring)

@: non-regenerating
A: damage resistance, recharge devices, sense surroundings 1, slow regeneration
3
a: Device Recharging, Upheaval, Renounce Religion


You were on level 3 of the Dungeon.
You worshipped Qazlal.
Qazlal was pleased with you.
You were not hungry.

You visited 1 branch of the dungeon, and saw 3 of its levels.

You collected 181 gold pieces.

Inventory:

Hand Weapons
 a - a +1 hand crossbow (weapon)
 b - a +0 short sword
Armour
 c - a +0 leather armour (worn)
Wands
 e - a wand of heal wounds (5/9)
Scrolls
 g - 2 scrolls of remove curse {unknown}
 h - a scroll of random uselessness {unknown}
 i - a scroll of fear {unknown}
 j - 5 scrolls of identify {unknown}
 l - a scroll of enchant weapon {unknown}
 o - a scroll of teleportation {unknown}
 q - a scroll of recharging {unknown}
 u - a scroll of magic mapping {unknown}
 w - a scroll of fog {unknown}
Potions
 m - 2 potions of berserk rage {unknown}
 n - 4 potions of curing {unknown}
 p - 3 potions of cancellation {unknown}
 r - 2 potions of flight {unknown}
 s - a potion of resistance {unknown}
 t - a potion of lignification {unknown}
Books
 v - a book of Misfortune

   Spells                             Type                      Level
   a - Confusing Touch                Hexes                        1
   b - Confuse                        Hexes                        3
   c - Gell's Gravitas                Hexes/Translocation          3
   d - Petrify                        Transmutation/Earth          4
   e - Metabolic Englaciation         Hexes/Ice                    5
   f - Yara's Violent Unravelling     Hexes/Transmutation          5
Comestibles
 f - a bread ration
 k - 2 meat rations
 x - 4 chunks of flesh


   Skills:
 - Level 1.7 Fighting
 + Level 7.1 Crossbows
 - Level 2.1 Dodging
 - Level 1.2 Stealth


You had 4 spell levels left.
You didn't know any spells.

Dungeon Overview and Level Annotations

Branches:
Dungeon (3/15)

Altars:
Kikubaaqudgha
Qazlal

Annotations:
D:2 1 runed door


Innate Abilities, Weirdness & Mutations

You are resistant to damage.
You can recharge devices by infusing magical energy.
You passively map a small area around you.
You do not regenerate.


Message History

Really attack while wielding your +1 hand crossbow? [Y]es or [N]o only, please.
Really attack while wielding your +1 hand crossbow? [Y]es or [N]o only, please.
Really attack while wielding your +1 hand crossbow? [Y]es or [N]o only, please.
Really attack while wielding your +1 hand crossbow? [Y]es or [N]o only, please.
Really attack while wielding your +1 hand crossbow? [Y]es or [N]o only, please.
Really attack while wielding your +1 hand crossbow?
Okay, then.
Really attack while wielding your +1 hand crossbow? [Y]es or [N]o only, please.
Really attack while wielding your +1 hand crossbow?
Okay, then.
Quiver which item? (- for none, * to show all) (? for menu, Esc to quit)
Okay, then.
Okay, then.
Are you sure you want to abandon this character and quit the game? (Confirm with "yes".)

####### #####.###.# #.....# ###
##..... #.###.#####.########
###(.. ##.# #....#.#.......# #...
#).###..#....######.# #...
#.......###### ####.#### #...
#.......#**** *#.......# #...
#.##.##.# ,,*#.##.##.#######...
#.##.##.# , ,,##@##.##..>........
#....##.#.....Kl.##..(...........
#.[.....#.....##.##...(..........
#.#####.#.(.. #.##.#..#######.<.
#.......#### * #.......(.# ##....
#.####### #.#..#.##.# #.....
#.######## #.#..#.# .# ##....
#........# #......#*># ##...
##.##.##.# ######(.###*.# #...


You could see a kobold and a frilled lizard.

Vanquished Creatures
  Jessica (D:3)
  5 adders
  2 oozes
  2 worms
  A dart slug (D:1)
  4 orcs (D:3)
  2 giant cockroaches (D:3)
  10 goblins
  6 hobgoblins
  5 jackals
  6 kobolds
  A quokka (D:2)
  A ball python (D:2)
  7 bats
  3 frilled lizards
  10 rats
66 creatures vanquished.

Notes
Turn   | Place    | Note
-------+----------+-------------------------------------------
     0 | D:1      | Minion the Deep Dwarf Hunter began the quest for the Orb.
     0 | D:1      | Reached XP level 1. HP: 19/19 MP: 1/1
   205 | D:1      | Reached XP level 2. HP: 26/26 MP: 2/2
   240 | D:1      | Reached skill level 5 in Crossbows
   565 | D:2      | Found a faded altar of an unknown god.
   565 | D:2      | Found an ancient bone altar of Kikubaaqudgha.
   572 | D:2      | Found a faded altar of an unknown god.
   575 | D:2      | Became a worshipper of Qazlal Stormbringer
   575 | D:2      | Reached * piety under Qazlal
   578 | D:2      | Found a faded altar of an unknown god.
   580 | D:2      | Found a faded altar of an unknown god.
   646 | D:2      | Reached XP level 3. HP: 32/32 MP: 3/3
   977 | D:2      | Reached skill level 6 in Crossbows
  1023 | D:2      | Reached XP level 4. HP: 36/39 MP: 4/4
  1325 | D:2      | Found a runed door.
  1716 | D:3      | Reached ** piety under Qazlal
  2171 | D:3      | Noticed Jessica
  2172 | D:3      | Killed Jessica
  2172 | D:3      | Reached skill level 7 in Crossbows
  2172 | D:3      | Reached XP level 5. HP: 31/45 MP: 5/5
  2175 | D:3      | Quit the game

Skill      XL: |  1  2  3  4 |
---------------+-------------+-----
Crossbows      | 5 6 7 |  7.1
Fighting       | |  1.7
Dodging        | |  2.1
Stealth        | |  1.2

Action                   |  1- 3 |  4- 6 || total
-------------------------+-------+-------++-------
 Fire: Hand crossbow     |    74 |    80 ||   154
  Eat: Chunk             |       |     4 ||     4
Armor: Leather armour    |     6 |     5 ||    11
Dodge: Dodged            |    18 |    17 ||    35
Block: Other             |       |     2 ||     2
